 Dungeon Crawl Stone Soup version 0.19.1 (webtiles) character file.

60 Jerry the Covered (level 4, -8/23 HPs)
             Began as a Vine Stalker Fighter on Dec 26, 2016.
             Was an Initiate of Okawaru.
             Mangled by a gnoll
             ... wielding a +0 halberd
              (13 damage)
             ... on level 2 of the Dungeon.
             The game lasted 00:02:13 (998 turns).

Jerry the Covered (Vine Stalker Fighter)             Turns: 998, Time: 00:02:14

Health: -8/23      AC:  6    Str: 23    XL:     4   Next: 4%
Magic:  0/5        EV: 11    Int:  8    God:    Okawaru [......]
Gold:   15         SH:  0    Dex: 15    Spells: 0 memorised, 3 levels left

rFire  . . .     SeeInvis .     a - +0 long sword
rCold  . . .     Gourm    .     b - +0 scale mail
rNeg   . . .     Faith    .     (no shield)
rPois  .         Spirit   +     (no helmet)
rElec  .         Reflect  .     (no cloak)
rCorr  .         Harm     .     (no gloves)
MR     .....                    (no boots)
Stlth  ..........               (no amulet)
                                (no ring)
                                (no ring)

@: mighty
A: fangs 2, regeneration 1, magic shield, antimagic bite, no device heal 3, rot
immunity
a: Renounce Religion


You were on level 2 of the Dungeon.
You worshipped Okawaru.
Okawaru was noncommittal.
You were not hungry.

You visited 1 branch of the dungeon, and saw 2 of its levels.

You collected 15 gold pieces.

Inventory:

Hand Weapons
 a - a +0 long sword (weapon)
Armour
 b - a +0 scale mail (worn)
 c - a +0 shield
Scrolls
 e - 4 scrolls of teleportation {unknown}
 k - a scroll of immolation {unknown}
 l - a scroll of fog {unknown}
Potions
 g - a potion of degeneration {unknown}
 i - a potion of brilliance {unknown}
 j - a potion of ambrosia {unknown}
 m - a potion of mutation {unknown}
 n - a potion of flight {unknown}
 o - 2 potions of curing {unknown}
Comestibles
 f - 2 bread rations
 h - 4 chunks of flesh


   Skills:
 - Level 2.6 Fighting
 + Level 2.5 Long Blades
 + Level 2.8 Armour
 + Level 1.7 Dodging
 - Level 2.6 Shields


You had 3 spell levels left.
You didn't know any spells.

Dungeon Overview and Level Annotations

Branches:
Dungeon (2/15)

Altars:
Okawaru


Innate Abilities, Weirdness & Mutations

You have extremely sharp teeth.
Your natural rate of healing is unusually fast.
When hurt, damage is shared between your health and your magic reserves.
Your bite disrupts and absorbs the magic of your enemies.
Potions and wands cannot restore your health.
You are immune to rotting.


Message History

A gnoll comes into view.
The gnoll shouts!
Found 15 sling bullets.
A gnoll comes into view. It is wielding a halberd.
The gnoll shouts!
The gnoll throws a throwing net.
The throwing net barely misses you.
A gnoll comes into view. It is wielding a whip.
You see here a throwing net.
The gnoll shouts!
The gnoll throws a throwing net.
The throwing net completely misses you.
The gnoll moves out of view. x2
Found 32 stones.
The gnoll hits you with a halberd!
Okay, then.
You feel very mighty all of a sudden. The gnoll hits you with a whip.
The gnoll hits you with a halberd.
* * * LOW HITPOINT WARNING * * *
The gnoll hits you from afar with a halberd!
Ouch! That really hurt!
You die...

...........#.#......#
..........##........#
....................#
.............#......# #
.....>.......#########.##
...........#..## .......
..........##...###.......
..........##.#.#.gg(.....
..#...........(.@#g......
..........###...#########
#.#....## #?#.# .###
#.#.# #.# . .. #.#.# ...
.#.# #.#.# #.####...
#.#.. #.< ..#.## #.##.
#.# #....####.


You could see 2 gnolls.

Vanquished Creatures
  3 adders (D:2)
  A worm (D:2)
  3 dart slugs
  6 bats
  A giant cockroach (D:2)
  4 goblins
  2 hobgoblins (D:2)
  3 frilled lizards
  7 rats
30 creatures vanquished.

Notes
Turn   | Place    | Note
-------+----------+-------------------------------------------
     0 | D:1      | Jerry the Vine Stalker Fighter began the quest for the Orb.
     0 | D:1      | Reached XP level 1. HP: 11/11 MP: 2/2
   302 | D:1      | Reached XP level 2. HP: 16/16 MP: 3/3
   364 | D:1      | Reached skill level 1 in Dodging
   759 | D:2      | Reached XP level 3. HP: 17/19 MP: 4/4
   938 | D:2      | Gained mutation: Your natural rate of healing is unusually fast. [Vine Stalker growth]
   938 | D:2      | Reached XP level 4. HP: 13/23 MP: 5/5
   947 | D:2      | Found an iron altar of Okawaru.
   955 | D:2      | Became a worshipper of Warmaster Okawaru
   998 | D:2      | Mangled by a gnoll

Skill      XL: |  1  2 |
---------------+-------+-----
Long Blades    | 2 |  2.5
Dodging        | 1 |  1.7
Fighting       | |  2.6
Armour         | |  2.8
Shields        | |  2.6

Action                   |  1- 3 |  4- 6 || total
-------------------------+-------+-------++-------
Melee: Long sword        |    67 |     2 ||    69
       Bite              |    23 |       ||    23
  Use: Potion            |       |     1 ||     1
Armor: Scale mail        |    26 |     1 ||    27
Dodge: Dodged            |    48 |     2 ||    50
       Rpst.: Long sword |    18 |       ||    18
